 Dungeon Crawl Stone Soup version 0.21.1-1-g345015fe64 (webtiles) character file.

121 NullDivider the Charlatan (level 4, -1/23 HPs)
             Began as a Spriggan Artificer on Mar 31, 2018.
             Killed from afar by Natasha (5 damage)
             ... with a magic dart
             ... on level 3 of the Dungeon.
             The game lasted 00:20:58 (4406 turns).

NullDivider the Charlatan (Spriggan Artificer)      Turns: 4406, Time: 00:20:59

Health: -1/23      AC:  2    Str:  8    XL:     4   Next: 76%
Magic:  8/8        EV: 19    Int: 12    God:
Gold:   130        SH:  0    Dex: 17    Spells: 3/3 levels left

rFire    . . .     SeeInvis +   q - +0 dagger (flame)
rCold    . . .     Gourm    .   (shield restricted)
rNeg     . . .     Faith    .   b - +0 robe
rPois    .         Spirit   .   (helmet restricted)
rElec    .         Reflect  .   (no cloak)
rCorr    +         Harm     .   (gloves unavailable)
MR       .....                  (boots unavailable)
Stlth    ++........             (no amulet)
HPRegen  0.07/turn              k - ring of resist corrosion
MPRegen  0.11/turn              (no ring)

@: very quick
A: very small, unfitting armour, see invisible, herbivore, speed 3, slow
metabolism 2
a: no special abilities


You were on level 3 of the Dungeon.
You were near starving.

You visited 1 branch of the dungeon, and saw 3 of its levels.

You collected 130 gold pieces.

Inventory:

Hand Weapons
 q - a +0 dagger of flaming (weapon)
Armour
 b - a +0 robe (worn)
Jewellery
 k - a ring of resist corrosion (left hand)
 s - an uncursed amulet of rage {unknown}
Wands
 c - a wand of flame (8)
 d - a wand of enslavement (12)
 e - a wand of random effects (15)
Scrolls
 a - a scroll of enchant armour {unknown}
 h - a scroll of remove curse {unknown}
 i - a scroll of enchant weapon {unknown}
 j - 3 scrolls of amnesia {unknown}
 n - 2 scrolls of immolation {unknown}
 o - a scroll of noise {unknown}
 p - a scroll of identify {unknown}
 r - a scroll of fog {unknown}
Potions
 g - a potion of invisibility
 l - a potion of lignification {unknown}
 m - a potion of degeneration {unknown}
Comestibles
 f - 4 rations


   Skills:
 * Level 2.1 Fighting
 * Level 2.8 Short Blades
 + Level 3.7 Dodging
 + Level 3.0 Stealth
 + Level 4.6 Evocations


You had 3 spell levels left.
You didn't know any spells.

Dungeon Overview and Level Annotations

Branches:
Dungeon (3/15)

Altars:
Elyvilon
Trog

Annotations:
D:3 Natasha


Innate Abilities, Weirdness & Mutations

You are very small and have problems with some larger weapons.
You are too small for most types of armour.
You have supernaturally acute eyesight. (SInv)
You are a herbivore.
You cover ground extremely quickly.
You need consume almost no food.


Message History

You barely miss Natasha.
Natasha is moderately wounded.
Natasha claws you.
You closely miss Natasha.
Natasha is moderately wounded.
You barely miss Natasha.
Natasha is moderately wounded.
Natasha misses you.
You closely miss Natasha.
Natasha is moderately wounded.
Natasha claws you!
* * * LOW HITPOINT WARNING * * *
You closely miss Natasha.
Natasha is moderately wounded.
Natasha completely misses you.
Things that are here:
a leather armour; a mace Natasha stares at you and mumbles some strange words.
The magic dart hits you!
You die...

.....#...............###.......#
..##.#................###.######
####..#.....................##
##........................##
###........................#
#..............h...........#
####...........<...........#
#..........[............#
#.........@.........(...#
#....(>.................#
#........#.............##
###########.....#.....##
#############


You could see Natasha.

Vanquished Creatures
  Natasha (twice) (D:3)
  An adder (D:2)
  An ooze (D:1)
  2 worms (D:2)
  A dart slug (D:1)
  A leopard gecko (D:2)
  3 orcs
  2 giant cockroaches
  6 goblins
  A hobgoblin (D:3)
  2 jackals (D:1)
  8 kobolds
  2 quokkas (D:2)
  A ball python (D:1)
  2 bats
  3 frilled lizards (D:2)
  9 rats
47 creatures vanquished.

Vanquished Creatures (collateral kills)
  An orc (D:2)
  A goblin (D:2)
  2 kobolds (D:2)
4 creatures vanquished.

Vanquished Creatures (others)
  An orc (D:2)
1 creature vanquished.

Grand Total: 52 creatures vanquished

Notes
Turn   | Place    | Note
-------+----------+-------------------------------------------
     0 | D:1      | NullDivider the Spriggan Artificer began the quest for the Orb.
     0 | D:1      | Reached XP level 1. HP: 9/9 MP: 4/4
    76 | D:1      | Reached skill level 1 in Fighting
   457 | D:1      | Reached XP level 2. HP: 13/14 MP: 6/6
  1546 | D:2      | Reached XP level 3. HP: 18/18 MP: 7/7
  3323 | D:3      | Found a white marble altar of Elyvilon.
  3405 | D:3      | Noticed Natasha
  3427 | D:3      | Killed Natasha
  3427 | D:3      | Reached XP level 4. HP: 23/23 MP: 8/8
  3471 | D:3      | Noticed Natasha
  3477 | D:3      | Killed Natasha
  3608 | D:3      | Found a bloodstained altar of Trog.
  4106 | D:3      | Noticed Natasha
  4406 | D:3      | Killed from afar by Natasha

Skill      XL: |  1  2  3  4 |
---------------+-------------+-----
Fighting       | 1 2 |  2.1
Stealth        | 2 3 |  3.0
Short Blades   | 2 |  2.8
Dodging        | |  3.7
Evocations     | |  4.6

Action                   |  1- 3 |  4- 6 || total
-------------------------+-------+-------++-------
Melee: Short sword       |   165 |       ||   165
       Dagger            |    35 |    58 ||    93
Evoke: Wand              |     7 |     3 ||    10
 Stab: Sleeping          |     4 |       ||     4
Armor: Robe              |    10 |     1 ||    11
Dodge: Dodged            |   152 |    29 ||   181
